 Dungeon Crawl Stone Soup version 0.23-a0-422-g30b1108 (webtiles) character file.

5589 mopl the Carver (level 10, -1/82 HPs)
             Began as a Gnoll Berserker on Nov 9, 2018.
             Was an Elder of Trog.
             Slain by a sun demon (2 damage)
             ... summoned by a kobold demonologist
             ... on level 8 of the Dungeon on Nov 14, 2018.
             The game lasted 00:16:45 (7139 turns).

mopl the Carver (Gnoll Berserker)                   Turns: 7139, Time: 00:16:46

Health: -1/82      AC: 17    Str: 22 (23) XL:     10   Next: 72%
Magic:  18/18      EV: 13    Int: 10      God:    Trog [****..]
Gold:   347        SH:  0    Dex: 19      Spells: 19/19 levels left

rFire    . . .     SeeInvis .   a - +0 falchion
rCold    + . .     Gourm    .   (no shield)
rNeg     + . .     Faith    .   N - +5 chain mail of Inevitability {rElec rC+ rN+ Str-2}
rPois    .         Spirit   .   (no helmet)
rElec    +         Reflect  .   y - +1 cloak
rCorr    .         Harm     .   (no gloves)
MR       ++...                  (no boots)
Stlth    ..........             (no amulet)
HPRegen  1.23/turn              s - +4 ring of strength
MPRegen  0.16/turn              J - +3 ring of dexterity

@: about to teleport, berserk cooldown, very slightly contaminated,
regenerating, slowed, invisible, very slow
A: distributed training, fangs 1, strong nose
a: Berserk, Trog's Hand, Brothers in Arms, Renounce Religion


You were on level 8 of the Dungeon.
You worshipped Trog.
Trog was greatly pleased with you.
You were hungry.

You visited 1 branch of the dungeon, and saw 8 of its levels.
You visited the Abyss 1 time.
You also visited: Sewer and Ossuary.

You collected 347 gold pieces.

Inventory:

Hand Weapons
 a - a +0 falchion (weapon)
 h - a +0 hunting sling
 v - a +1 dagger of venom
 P - a +1 shortbow of freezing
 R - a +0 arbalest
 S - a +1 short sword of pain
Missiles
 e - 3 throwing nets
 p - 93 bolts
 w - 127 arrows
 x - 8 steel javelins
 z - 229 stones
 C - 7 tomahawks (quivered)
 K - 8 poisoned needles
 M - 2 javelins
 Q - 9 sling bullets
Armour
 y - a +1 cloak (worn)
 N - the +5 chain mail of Inevitability (worn) {rElec rC+ rN+ Str-2}
   (You found it on level 6 of the Dungeon)

   It affects your strength (-2).
   It protects you from cold.
   It insulates you from electricity.
   It protects you from negative energy.
Jewellery
 r - an uncursed ring of fire {unknown}
 s - a +4 ring of strength (left hand)
 J - a +3 ring of dexterity (right hand)
Wands
 H - a wand of scattershot (6)
 I - a wand of polymorph (12)
 L - a wand of iceblast (7)
 T - a wand of paralysis (4)
Scrolls
 i - 2 scrolls of enchant armour
 j - 2 scrolls of magic mapping
 k - 4 scrolls of teleportation
 m - 6 scrolls of immolation
 n - 4 scrolls of remove curse
 q - 2 scrolls of enchant weapon {unknown}
 D - 3 scrolls of fog
 F - 6 scrolls of random uselessness {unknown}
 O - a scroll of blinking {unknown}
 U - a scroll of noise {unknown}
 X - a scroll of identify
Potions
 b - 2 potions of magic
 d - 8 potions of heal wounds
 f - 7 potions of curing {unknown}
 g - 3 potions of haste
 l - 4 potions of flight
 o - 6 potions of lignification {unknown}
 t - 3 potions of invisibility
 u - 3 potions of berserk rage {!q}
 A - 2 potions of might
 B - 2 potions of mutation {!q}
 E - a potion of brilliance
 G - 2 potions of resistance
 W - a potion of ambrosia {unknown}
Comestibles
 c - 20 rations
 V - 5 chunks of flesh


   Skills:
 + Level 8.6 Fighting
 + Level 5.4 Short Blades
 + Level 8.6 Long Blades
 + Level 5.4 Axes
 + Level 5.4 Maces & Flails
 + Level 5.4 Polearms
 + Level 5.4 Staves
 + Level 5.4 Slings
 + Level 5.4 Bows
 + Level 5.4 Crossbows
 + Level 5.4 Throwing
 + Level 7.2 Armour
 + Level 7.2 Dodging
 + Level 5.4 Stealth
 + Level 5.4 Shields
 + Level 5.4 Unarmed Combat
 + Level 5.4 Spellcasting
 + Level 4.5 Conjurations
 + Level 4.5 Hexes
 + Level 4.5 Charms
 + Level 4.5 Summonings
 + Level 4.5 Necromancy
 + Level 4.5 Translocations
 + Level 4.5 Transmutations
 + Level 4.5 Fire Magic
 + Level 4.5 Ice Magic
 + Level 4.5 Air Magic
 + Level 4.5 Earth Magic
 + Level 4.5 Poison Magic
 + Level 6.0 Invocations
 + Level 5.4 Evocations


You had 19 spell levels left.
You didn't know any spells.
Your spell library contained the following spells:

 Spells                   Type           Power        Failure   Level  Hunger
 Corona                   Hex            ##.....      24%         1    None
 Magic Dart               Conj           ##..         24%         1    None
 Ensorcelled Hibernation  Hex/Ice        ##....       36%         2    ##.....
 Searing Ray              Conj           ##....       36%         2    ##.....
 Confuse                  Hex            ##......     58%         3    ###....
 Dazzling Spray           Conj/Hex       ##....       58%         3    ###....
 Tukima's Dance           Hex            ##......     58%         3    ###....
 Force Lance              Conj/Tloc      ##......     94%         4    ####...
 Fulminant Prism          Conj/Hex       ##........   94%         4    ####...
 Iskenderun's Mystic Bla  Conj           ##......     94%         4    ####...


Dungeon Overview and Level Annotations

Branches:
Dungeon (8/15)             Temple (0/1) D:6            Lair (0/6) D:8

Altars:
Trog
Xom
Zin

Shops:
D:7 =


Innate Abilities, Weirdness & Mutations

Your experience applies equally to all skills.
You have very sharp teeth.
Your uncanny sense of smell can sniff out nearby items.


Message History

You slash the sun demon!
You bite the sun demon, but do no damage.
The sun demon is moderately wounded.
The sun demon hits you but does no damage.
The efreet gestures at the sun demon.
The bolt of fire hits the sun demon.
The sun demon completely resists.
The bolt of fire misses you.
You hit the sun demon.
The sun demon is moderately wounded.
You are no longer berserk.
You are exhausted.
You feel yourself slow down. The sun demon barely misses you.
Unknown command.
As you read the scroll of teleportation, it crumbles to dust.
You feel strangely unstable. The sun demon hits you!
* * * LOW HITPOINT WARNING * * *
You are engulfed in flames!
* * * LOW HITPOINT WARNING * * *
The sun demon hits you.
You die...

#..## .#. #.##
....##.########
#...........# #####.
∆###....####.# #.....
####...###.## #)####
#.h###......# #.#
#55.K####...######.#
∆∆§#W53@.###......#.####
∆∆ #Ro###..###..........
∆ #..####.#...###....###.
#####..##.#...###...##.
###..#.# .# #...###.###
###..#...# .# #.[[..# #
###..#...#.# .# #...###.#
# #..#...#...#
.#...####..# #
###..#...#.##...####..#.#


You could see a sun demon, a kobold demonologist, an efreet, a wraith, an orc
warrior, a hound, 2 iron imps and a crimson imp.

Vanquished Creatures
  A two-headed ogre (D:8)
  The ghost of galech the Chopper, a novice DsFi of Okawaru (D:7)
  An ugly thing (D:8)
  A cyclops (D:8)
  A komodo dragon (D:8)
  Grinder (D:6)
  Eustachio (D:6)
  2 water moccasins
  An orc warrior (D:8)
  A black bear (D:5)
  4 centaurs
  7 ogres
  12 big kobolds
  A howler monkey (D:4)
  2 centaur zombies (Ossuary)
  2 centaur skeletons (D:7)
  A human zombie (Ossuary)
  Crazy Yiuf (D:3)
  9 orc wizards
  Jessica (D:2)
  4 iguanas
  A worker ant (D:8)
  Natasha (thrice) (D:2)
  A hound zombie (D:6)
  6 mummies
  Robin (D:4)
  4 gnolls (D:6)
  11 adders
  A howler monkey skeleton (D:4)
  2 river rats (D:4)
  A shadow imp (D:7)
  3 oozes
  2 adder skeletons
  2 adder zombies
  7 worms
  3 dart slugs
  5 leopard geckos
  27 orcs
  4 giant cockroaches
  A gnoll zombie (Ossuary)
  13 goblins
  8 hobgoblins
  5 jackals
  2 quokkas
  3 ball pythons
  6 bats
  4 frilled lizards
  3 hobgoblin zombies
  11 kobolds
  2 kobold zombies (Ossuary)
  An orc zombie (D:8)
  A quokka skeleton (D:8)
  A quokka zombie (D:6)
  13 rats
213 creatures vanquished.

Vanquished Creatures (others)
  5 plants
5 creatures vanquished.

Grand Total: 218 creatures vanquished

Notes
Turn   | Place    | Note
-------+----------+-------------------------------------------
     0 | D:1      | mopl the Gnoll Berserker began the quest for the Orb.
     0 | D:1      | Reached XP level 1. HP: 23/23 MP: 1/1
    30 | D:1      | Reached XP level 2. HP: 25/29 MP: 2/2
   576 | D:2      | Reached XP level 3. HP: 30/35 MP: 3/3
   584 | D:2      | Reached skill level 1 in Invocations
   606 | D:2      | Reached ** piety under Trog
   698 | D:2      | Noticed Natasha
   711 | D:2      | Killed Natasha
   711 | D:2      | Reached skill level 1 in Short Blades
   711 | D:2      | Reached skill level 1 in Axes
   711 | D:2      | Reached skill level 1 in Maces & Flails
   711 | D:2      | Reached skill level 1 in Polearms
   711 | D:2      | Reached skill level 1 in Staves
   711 | D:2      | Reached skill level 1 in Slings
   711 | D:2      | Reached skill level 1 in Bows
   711 | D:2      | Reached skill level 1 in Crossbows
   711 | D:2      | Reached skill level 1 in Throwing
   711 | D:2      | Reached skill level 1 in Stealth
   711 | D:2      | Reached skill level 1 in Shields
   711 | D:2      | Reached skill level 1 in Unarmed Combat
   711 | D:2      | Reached skill level 1 in Spellcasting
   711 | D:2      | Reached skill level 1 in Evocations
   711 | D:2      | Reached XP level 4. HP: 25/41 MP: 5/5
   942 | D:2      | Noticed Jessica
   954 | D:2      | Killed Jessica
   954 | D:2      | Reached skill level 1 in Conjurations
   954 | D:2      | Reached skill level 1 in Hexes
   954 | D:2      | Reached skill level 1 in Charms
   954 | D:2      | Reached skill level 1 in Summonings
   954 | D:2      | Reached skill level 1 in Necromancy
   954 | D:2      | Reached skill level 1 in Translocations
   954 | D:2      | Reached skill level 1 in Transmutations
   954 | D:2      | Reached skill level 1 in Fire Magic
   954 | D:2      | Reached skill level 1 in Ice Magic
   954 | D:2      | Reached skill level 1 in Air Magic
   954 | D:2      | Reached skill level 1 in Earth Magic
   954 | D:2      | Reached skill level 1 in Poison Magic
  1071 | D:2      | Noticed Natasha
  1077 | D:2      | Killed Natasha
  1077 | D:2      | Reached XP level 5. HP: 47/47 MP: 6/6
  1356 | D:2      | Noticed Natasha
  1361 | D:2      | Killed Natasha
  1549 | D:3      | Found a runed door.
  1553 | D:3      | Noticed Crazy Yiuf
  1567 | D:3      | Killed Crazy Yiuf
  1971 | D:3      | Reached skill level 2 in Invocations
  1971 | D:3      | Reached XP level 6. HP: 53/53 MP: 8/8
  2588 | D:4      | Reached skill level 2 in Short Blades
  2588 | D:4      | Reached skill level 2 in Axes
  2588 | D:4      | Reached skill level 2 in Maces & Flails
  2588 | D:4      | Reached skill level 2 in Polearms
  2588 | D:4      | Reached skill level 2 in Staves
  2588 | D:4      | Reached skill level 2 in Slings
  2588 | D:4      | Reached skill level 2 in Bows
  2588 | D:4      | Reached skill level 2 in Crossbows
  2588 | D:4      | Reached skill level 2 in Throwing
  2588 | D:4      | Reached skill level 5 in Armour
  2588 | D:4      | Reached skill level 5 in Dodging
  2588 | D:4      | Reached skill level 2 in Stealth
  2588 | D:4      | Reached skill level 2 in Shields
  2588 | D:4      | Reached skill level 2 in Unarmed Combat
  2588 | D:4      | Reached skill level 2 in Spellcasting
  2588 | D:4      | Reached skill level 2 in Evocations
  2601 | D:4      | Reached *** piety under Trog
  2635 | D:4      | Noticed Robin
  2677 | D:4      | Killed Robin
  2677 | D:4      | Reached XP level 7. HP: 59/59 MP: 10/10
  2879 | D:4      | Reached skill level 7 in Fighting
  2879 | D:4      | Reached skill level 7 in Long Blades
  2921 | D:4      | Found a glowing drain.
  2928 | Sewer    | Entered a sewer
  3001 | Sewer    | Reached skill level 2 in Conjurations
  3001 | Sewer    | Reached skill level 2 in Hexes
  3001 | Sewer    | Reached skill level 2 in Charms
  3001 | Sewer    | Reached skill level 2 in Summonings
  3001 | Sewer    | Reached skill level 2 in Necromancy
  3001 | Sewer    | Reached skill level 2 in Translocations
  3001 | Sewer    | Reached skill level 2 in Transmutations
  3001 | Sewer    | Reached skill level 2 in Fire Magic
  3001 | Sewer    | Reached skill level 2 in Ice Magic
  3001 | Sewer    | Reached skill level 2 in Air Magic
  3001 | Sewer    | Reached skill level 2 in Earth Magic
  3001 | Sewer    | Reached skill level 2 in Poison Magic
  3033 | Sewer    | Found a white marble altar of Elyvilon.
  3474 | D:4      | Reached skill level 3 in Invocations
  3757 | D:5      | Entered Level 5 of the Dungeon
  3803 | D:5      | Found a glowing silver altar of Zin.
  3803 | D:5      | Found a shimmering altar of Xom.
  3805 | D:5      | Noticed an angel
  3856 | D:5      | Reached XP level 8. HP: 67/67 MP: 12/12
  3948 | D:5      | Reached skill level 3 in Short Blades
  3948 | D:5      | Reached skill level 3 in Axes
  3948 | D:5      | Reached skill level 3 in Maces & Flails
  3948 | D:5      | Reached skill level 3 in Polearms
  3948 | D:5      | Reached skill level 3 in Staves
  3948 | D:5      | Reached skill level 3 in Slings
  3948 | D:5      | Reached skill level 3 in Bows
  3948 | D:5      | Reached skill level 3 in Crossbows
  3948 | D:5      | Reached skill level 3 in Throwing
  3948 | D:5      | Reached skill level 3 in Stealth
  3948 | D:5      | Reached skill level 3 in Shields
  3948 | D:5      | Reached skill level 3 in Unarmed Combat
  3948 | D:5      | Reached skill level 3 in Spellcasting
  3948 | D:5      | Reached skill level 3 in Evocations
  3976 | D:5      | Reached **** piety under Trog
  4052 | D:5      | Received a gift from Trog
  4532 | D:5      | Found a bloodstained altar of Trog.
  4708 | D:6      | Noticed Grinder
  4729 | D:6      | Killed Grinder
  4960 | D:6      | Found a staircase to the Ecumenical Temple.
  5093 | D:6      | Reached skill level 3 in Conjurations
  5093 | D:6      | Reached skill level 3 in Hexes
  5093 | D:6      | Reached skill level 3 in Charms
  5093 | D:6      | Reached skill level 3 in Summonings
  5093 | D:6      | Reached skill level 3 in Necromancy
  5093 | D:6      | Reached skill level 3 in Translocations
  5093 | D:6      | Reached skill level 3 in Transmutations
  5093 | D:6      | Reached skill level 3 in Fire Magic
  5093 | D:6      | Reached skill level 3 in Ice Magic
  5093 | D:6      | Reached skill level 3 in Air Magic
  5093 | D:6      | Reached skill level 3 in Earth Magic
  5093 | D:6      | Reached skill level 3 in Poison Magic
  5093 | D:6      | Reached skill level 4 in Invocations
  5197 | D:6      | Noticed Eustachio
  5207 | D:6      | Killed Eustachio
  5207 | D:6      | Reached skill level 6 in Armour
  5207 | D:6      | Reached skill level 6 in Dodging
  5207 | D:6      | Reached XP level 9. HP: 72/72 MP: 14/14
  5375 | D:6      | Got a faintly glowing chain mail
  5386 | D:6      | Identified the +5 chain mail of Inevitability {rElec rC+
                  | rN+ Str-2} (You found it on level 6 of the Dungeon)
  5547 | D:7      | Reached skill level 4 in Short Blades
  5547 | D:7      | Reached skill level 4 in Axes
  5547 | D:7      | Reached skill level 4 in Maces & Flails
  5547 | D:7      | Reached skill level 4 in Polearms
  5547 | D:7      | Reached skill level 4 in Staves
  5547 | D:7      | Reached skill level 4 in Slings
  5547 | D:7      | Reached skill level 4 in Bows
  5547 | D:7      | Reached skill level 4 in Crossbows
  5547 | D:7      | Reached skill level 4 in Throwing
  5547 | D:7      | Reached skill level 4 in Stealth
  5547 | D:7      | Reached skill level 4 in Shields
  5547 | D:7      | Reached skill level 4 in Unarmed Combat
  5547 | D:7      | Reached skill level 4 in Spellcasting
  5547 | D:7      | Reached skill level 4 in Evocations
  5560 | D:7      | Found a runed gate.
  5561 | D:7      | Found a runed gate.
  5562 | D:7      | Found a runed gate.
  5571 | D:7      | Noticed galech's ghost (novice DsFi)
  5714 | D:7      | Killed galech's ghost
  5721 | D:7      | Reached skill level 8 in Fighting
  5721 | D:7      | Reached skill level 8 in Long Blades
  5746 | D:7      | Reached skill level 5 in Invocations
  5809 | D:7      | Cast into level 1 of the Abyss (big kobold)
  5809 | Abyss:1  | Found a corrupted altar of Lugonu.
  5818 | D:7      | Escaped the Abyss
  5936 | D:7      | Reached XP level 10. HP: 80/80 MP: 17/17
  6442 | D:7      | Found Ijob Nydgh's Jewellery Emporium.
  6545 | D:8      | Reached skill level 4 in Conjurations
  6545 | D:8      | Reached skill level 4 in Hexes
  6545 | D:8      | Reached skill level 4 in Charms
  6545 | D:8      | Reached skill level 4 in Summonings
  6545 | D:8      | Reached skill level 4 in Necromancy
  6545 | D:8      | Reached skill level 4 in Translocations
  6545 | D:8      | Reached skill level 4 in Transmutations
  6545 | D:8      | Reached skill level 4 in Fire Magic
  6545 | D:8      | Reached skill level 4 in Ice Magic
  6545 | D:8      | Reached skill level 4 in Air Magic
  6545 | D:8      | Reached skill level 4 in Earth Magic
  6545 | D:8      | Reached skill level 4 in Poison Magic
  6621 | D:8      | Found a sand-covered staircase.
  6629 | Ossuary  | Entered an ossuary
  6846 | Ossuary  | Reached ***** piety under Trog
  6931 | D:8      | Noticed a cyclops
  6937 | D:8      | Reached skill level 5 in Short Blades
  6937 | D:8      | Reached skill level 5 in Axes
  6937 | D:8      | Reached skill level 5 in Maces & Flails
  6937 | D:8      | Reached skill level 5 in Polearms
  6937 | D:8      | Reached skill level 5 in Staves
  6937 | D:8      | Reached skill level 5 in Slings
  6937 | D:8      | Reached skill level 5 in Bows
  6937 | D:8      | Reached skill level 5 in Crossbows
  6937 | D:8      | Reached skill level 5 in Throwing
  6937 | D:8      | Reached skill level 5 in Stealth
  6937 | D:8      | Reached skill level 5 in Shields
  6937 | D:8      | Reached skill level 5 in Unarmed Combat
  6937 | D:8      | Reached skill level 5 in Spellcasting
  6937 | D:8      | Reached skill level 5 in Evocations
  6946 | D:8      | Killed a cyclops
  6967 | D:8      | Upgraded the game from 0.23-a0-416-g33f1def to
                  | 0.23-a0-422-g30b1108
  6969 | D:8      | Noticed a two-headed ogre
  6992 | D:8      | Killed a two-headed ogre
  6992 | D:8      | Reached skill level 7 in Armour
  6992 | D:8      | Reached skill level 7 in Dodging
  7053 | D:8      | Found a staircase to the Lair.
  7115 | D:8      | Noticed a kobold demonologist
  7116 | D:8      | Noticed a red ugly thing
  7116 | D:8      | Identified the ring "Jonis" {rN+ MR+ Str+5}
  7125 | D:8      | Killed a red ugly thing
  7127 | D:8      | Noticed a sun demon
  7136 | D:8      | Reached skill level 6 in Invocations
  7139 | D:8      | HP: 1/82 [sun demon[a kobold demonologist] (16)]
  7139 | D:8      | Slain by a sun demon

Vault maps used:
D:1:      minmay_arrival_arboretum_small, supply_closet_lemuel, minmay_ruptured
D:2:      kennysheep_generic_room_14, uniq_natasha, uniq_jessica
D:3:      minmay_door_path, first_ration, roderic_roman_lattice,
          uniq_crazy_yiuf_cottage
D:4:      lightli_sewer_entry_pipes, uniq_robin
D:5:      lemuel_coloured_pillars_altar,
          grunt_temple_overflow_order_and_chaos_1, serial_rivers,
          chequers_serial_rivers_room_b, chequers_serial_rivers_micro_b,
          chequers_serial_rivers_micro_c, chequers_serial_rivers_micro_c,
          lexackson_kobold_supper
D:6:      minmay_temple_entry_steel_oval, uniq_eustachio, uniq_grinder
D:7:      serial_shops, kennysheep_mini, gammafunk_ghost_nasty_kobolds,
          grunt_ogre_cave, kennysheep_pointless_box
D:8:      minmay_the_grid_triangle_9x9_rhombus_thin, kennysheep_mini_moat,
          nicolae_dithmenos_shadow_blocks, david_lair_shrubbed,
          nicolae_ossuary_entry_giza, lemuel_altar_in_water
Sewer:    sewer_kobolds
Ossuary:  ossuary_crypta

Skill      XL: |  1  2  3  4  5  6  7  8  9 10 |
---------------+-------------------------------+-----
Invocations    | 1 2 3 4 5 6 |  6.0
Short Blades   | 1 2 3 4 5 |  5.4
Axes           | 1 2 3 4 5 |  5.4
Maces & Flails | 1 2 3 4 5 |  5.4
Polearms       | 1 2 3 4 5 |  5.4
Staves         | 1 2 3 4 5 |  5.4
Slings         | 1 2 3 4 5 |  5.4
Bows           | 1 2 3 4 5 |  5.4
Crossbows      | 1 2 3 4 5 |  5.4
Throwing       | 1 2 3 4 5 |  5.4
Stealth        | 1 2 3 4 5 |  5.4
Shields        | 1 2 3 4 5 |  5.4
Unarmed Combat | 1 2 3 4 5 |  5.4
Spellcasting   | 1 2 3 4 5 |  5.4
Evocations     | 1 2 3 4 5 |  5.4
Conjurations   | 1 2 3 4 |  4.5
Hexes          | 1 2 3 4 |  4.5
Charms         | 1 2 3 4 |  4.5
Summonings     | 1 2 3 4 |  4.5
Necromancy     | 1 2 3 4 |  4.5
Translocations | 1 2 3 4 |  4.5
Transmutations | 1 2 3 4 |  4.5
Fire Magic     | 1 2 3 4 |  4.5
Ice Magic      | 1 2 3 4 |  4.5
Air Magic      | 1 2 3 4 |  4.5
Earth Magic    | 1 2 3 4 |  4.5
Poison Magic   | 1 2 3 4 |  4.5
Armour         | 5 6 7 |  7.2
Dodging        | 5 6 7 |  7.2
Fighting       | 7 8 |  8.6
Long Blades    | 7 8 |  8.6

Action                   |  1- 3 |  4- 6 |  7- 9 | 10-12 || total
-------------------------+-------+-------+-------+-------++-------
Melee: Falchion          |    71 |   127 |   396 |   171 ||   765
       Bite              |     9 |    22 |    67 |    42 ||   140
       Punch             |       |       |     8 |     7 ||    15
 Fire: Arbalest          |       |       |     1 |     9 ||    10
Throw: Tomahawk          |       |     3 |       |     1 ||     4
Invok: Berserk           |     2 |     6 |    10 |     4 ||    22
       Trog's Hand       |       |     1 |     4 |     2 ||     7
  Use: Scroll            |       |       |    14 |     3 ||    17
       Potion            |       |       |       |     2 ||     2
 Stab: Sleeping          |     1 |       |       |       ||     1
       Invisible         |       |       |       |     5 ||     5
  Eat: Chunk             |     1 |    12 |    18 |     9 ||    40
       Ration            |       |       |     1 |       ||     1
Armor: Animal skin       |     6 |       |       |       ||     6
       Ring mail         |       |    22 |       |       ||    22
       Scale mail        |       |    13 |    82 |       ||    95
       Chain mail        |       |       |    73 |    56 ||   129
Dodge: Dodged            |    50 |    81 |   275 |    75 ||   481
       Rpst.: Falchion   |    20 |    21 |    62 |    22 ||   125

Table legend:
 A = Non-vault XP
 B = Vault XP
 C = Vault XP percentage of total XP
 D = Non-vault monster count
 E = Vault monster count
 F = Vault count percentage of total count
                 A         B        C        D         E       F
            +---------+---------+-------+---------+---------+-------
      Total |    2735 |    5250 |  65.7 |     129 |      84 |  39.4
            +---------+---------+-------+---------+---------+-------
        D:1 |      19 |       3 |  13.6 |       9 |       2 |  18.2
        D:2 |     124 |      72 |  36.7 |      16 |       2 |  11.1
        D:3 |     119 |      47 |  28.3 |      22 |       4 |  15.4
        D:4 |     511 |      80 |  13.5 |      14 |      19 |  57.6
        D:5 |     522 |     109 |  17.3 |      22 |       6 |  21.4
        D:6 |     437 |     464 |  51.5 |      18 |       2 |  10.0
        D:7 |     593 |    1688 |  74.0 |      21 |      12 |  36.4
        D:8 |     410 |    2454 |  85.7 |       7 |      12 |  63.2
      Sewer |       0 |     110 | 100.0 |       0 |      12 | 100.0
    Ossuary |       0 |     223 | 100.0 |       0 |      13 | 100.0
            +---------+---------+-------+---------+---------+-------
